Unix NetHack Version 5.0.0-0 post-release - last build Jul 19 2026 19:10:59 (3aa4ab31751d3886436d94b585a96704892fd477,branch:main).

Game began 2026-07-25 06:48:20, ended 2026-07-25 07:01:05.

FalseGod, neutral female human Tourist

                           ---  ---
                           |.----.---
                           |..--....--
                           --........-
                            ----......
                               |....<.
                                ..%....
                                 -.|....
                                   ---..
                                     |..
                                 -----.-
                                 |d@...|
                                 -G-----
                                 ..|

FalseGod the Rambler        St:9 Dx:14 Co:15 In:12 Wi:9 Ch:17  Neutral
Dlvl:3  $:46 HP:0(16) Pw:5(5) AC:10 Xp:2 T:639 

Latest messages:
 You descend the stairs.
 You climb up the stairs.
 You remember this level as vault.
 What do you want to call this dungeon level? vault, fountain
 There is a branch staircase down to the Gnomish Mines here.
 You descend the stairs.
 You feel tough!
 You must have been leading a healthy life-style.
 A cloud of gas puts you to sleep!
 You wake up.
 v - a leash.
 What do you want to use or apply? [ijlprv or ?*] <esc>
 Never mind.
 What do you want to use or apply? [ijlprv or ?*] ?
 In what direction? l
 You slip the leash around your little dog.
 The little dog whines.
 What do you want to use or apply? [ijlprv or ?*] v
 In what direction? l
 The leash would not come off!
 You swap places with your little dog.
 You swap places with your little dog.
 Pick a monster, object or location.
 The little dog misses the gnome lord.
 The little dog misses it.
 You hear a chugging sound.
 The little dog bites the gnome king.
 The little dog misses the gnome king.
 In what direction? b
 The dart hits the gnome king.
 The little dog bites the gnome king.
 The gnome king misses the little dog.
 The gnome king hurls a golden potion!
 The flagon crashes on your head and breaks into shards.
 The golden potion evaporates.
 Something seems to be holding you.
 The little dog misses the gnome king.
 The little dog misses the gnome king.
 The gnome king hits!
 The little dog misses the gnome king.
 The gnome king hits!
 The little dog bites the gnome king.
 The gnome king hits the little dog.
 The gnome king hits!
 You die...
 Do you want your possessions identified? [ynq] (y) y
 Do you want to see your attributes? [ynq] (y) n
 Do you want an account of creatures vanquished? [ynaq] (y) n
 Do you want to see your conduct and achievements? [ynq] (y) n
 Do you want to see the dungeon overview? [ynq] (y) y

Inventory:
 Coins    ('$')
  $ - 46 gold pieces
 Amulets  ('"')
  o - an uncursed amulet versus poison
 Weapons  (')')
  a - 25 +2 darts (at the ready)
  u - a +0 dagger
 Armor    ('[')
  h - a blessed +0 Hawaiian shirt with an orchid motif
 Comestibles  ('%')
  e - an uncursed slime mold
  t - an uncursed carrot
  d - 6 uncursed food rations
  b - 5 uncursed tripe rations
  c - an uncursed tin of spinach
 Scrolls  ('?')
  m - an uncursed scroll of create monster
  n - a blessed scroll of food detection
  g - 4 uncursed scrolls of magic mapping
 Spellbooks  ('+')
  p - an uncursed spellbook of magic missile
  l - an uncursed spellbook of sleep
 Potions  ('!')
  f - an uncursed potion of extra healing
  k - an uncursed potion of gain level
  q - an uncursed potion of healing
 Wands    ('/')
  r - a wand of cancellation (0:4)
 Tools    ('(')
  j - an uncursed credit card
  i - an expensive camera (0:53)
  v - a cursed leash (attached to your little dog)

FalseGod the Tourist's attributes:

Background:
 You were a Rambler, a level 2 female human Tourist.
 You were neutral, on a mission for The Lady
 who was opposed by Blind Io (lawful) and Offler (chaotic).
 You were right-handed.
 You were in the Gnomish Mines, on level 3.
 You entered the dungeon 639 turns ago.
 You had 32 experience points, 8 more were needed to attain level 3.

Basics:
 You had 0 out of 16 hit points.
 You had all 5 energy points (spell power).
 Your armor class was 10.
 Your wallet contained 46 zorkmids.
 Autopickup was off.

Final Characteristics:
 Your strength was 9 (limit:18/100).
 Your dexterity was 14 (limit:18).
 Your constitution was 15 (limit:18).
 Your intelligence was 12 (limit:18).
 Your wisdom was 9 (limit:18).
 Your charisma was 17 (limit:18).

Final Status:
 You weren't hungry.
 You were unencumbered.
 You were bare handed.
 You were unskilled in bare handed combat.
 You weren't wearing any armor.

Final Attributes:
 You were fervently aligned.
 You are dead.

Miscellaneous:
 You didn't encounter any bones levels.
 Total elapsed playing time was 12 minutes and 43 seconds.

Major events:
 Turn
    1: FalseGod the neutral female human Tourist entered the dungeon
  589: entered the Gnomish Mines
  639: killed by a gnome king, while frozen by a potion

Spells:
 Name                 Level Category     Fail Retention
 sleep                  3   enchantment  100%  76%-100%
 magic missile          2   attack       100%  76%-100%

Skills:
 Fighting Skills
   bare handed combat [Unskilled]
   two weapon combat  [Unskilled]
   riding             [Unskilled]
 Weapon Skills
   dagger             [Unskilled]
   knife              [Unskilled]
   axe                [Unskilled]
   pick-axe           [Unskilled]
   short sword        [Unskilled]
   broadsword         [Unskilled]
   long sword         [Unskilled]
   two-handed sword   [Unskilled]
   saber              [Unskilled]
   mace               [Unskilled]
   morning star       [Unskilled]
   flail              [Unskilled]
   hammer             [Unskilled]
   quarterstaff       [Unskilled]
   polearms           [Unskilled]
   spear              [Unskilled]
   trident            [Unskilled]
   lance              [Unskilled]
   bow                [Unskilled]
   sling              [Unskilled]
   crossbow           [Unskilled]
   dart               [Basic]
   shuriken           [Unskilled]
   boomerang          [Unskilled]
   whip               [Unskilled]
   unicorn horn       [Unskilled]
 Spellcasting Skills
   divination spells  [Unskilled]
   enchantment spells [Unskilled]
   escape spells      [Unskilled]

Voluntary challenges:
 Character rerolling was not enabled.
 You were an atheist.
 You never hit with a wielded weapon.
 You never genocided any monsters.
 You never polymorphed an object.
 You never changed form.
 You used no wishes.
Achievement:
 You entered the Gnomish Mines.

 The Dungeons of Doom: levels 1 to 2
    Level 1:
    Level 2: "vault, fountain"
       Stairs down to The Gnomish Mines.
 The Gnomish Mines:
    Level 3: <- You were here.
       Final resting place for
          you, killed by a gnome king, while frozen by a potion.


Vanquished creatures:
  a hobbit
  2 giant rats
  a gecko
  2 jackals
  a kobold
  2 goblins
  2 sewer rats
  4 newts
15 creatures vanquished.

No species were genocided or became extinct.

Game over:
                       ----------
                      /          \
                     /    REST    \
                    /      IN      \
                   /     PEACE      \
                  /                  \
                  |     FalseGod     |
                  |      46 Au       |
                  |   killed by a    |
                  |    gnome king    |
                  |                  |
                  |                  |
                  |       2026       |
                 *|     *  *  *      | *
        _________)/\\_//(\/(/\)/\//\/|_)_______

Aloha FalseGod the Tourist...

You died in The Gnomish Mines on dungeon level 3 with 241 points,
and 46 pieces of gold, after 639 moves.
You were level 2 with a maximum of 16 hit points when you died.

